 Dungeon Crawl Stone Soup version 0.31-a0-960-g0fca184906 (webtiles) character file.

Game seed: 14292791974158869525

11 lessens the Ducker (level 2, -2/26 HPs)
             Began as a Gnoll Gladiator on Oct 24, 2023.
             Slain by Natasha (8 damage)
             ... on level 2 of the Dungeon.
             The game lasted 00:00:36 (925 turns).

lessens the Ducker (Gnoll Gladiator)                 Turns: 925, Time: 00:00:36

Health: -2/26      AC:  4    Str: 13    XL:     2   Next: 25%
Magic:  2/2        EV: 14    Int:  7    God:
Gold:   36         SH:  0    Dex: 13    Spells: 1/1 levels left

rFire   . . .        i - +3 whip (vamp)
rCold   . . .        (no shield)
rNeg    . . .        b - +0 leather armour
rPois   .            c - +0 helmet
rElec   .            (no cloak)
rCorr   .            (no gloves)
SInv    .            (no boots)
Will    .....        (no amulet)
Stlth   +            (no ring)
HPRegen 0.24/turn    (no ring)
MPRegen 0.08/turn

%: no passive effects
@: no status effects
A: fangs 1, strong nose, distributed training
a: no special abilities


You were on level 2 of the Dungeon.
You visited 1 branch of the dungeon, and saw 2 of its levels.

You collected 36 gold pieces.

Inventory:

Hand Weapons
 a - a +0 war axe
 i - a +3 vampiric whip (weapon)
Missiles
 d - 3 throwing nets (quivered)
 e - a javelin
Armour
 b - a +0 leather armour (worn)
 c - a +0 helmet (worn)
 g - a +0 pair of boots
Jewellery
 f - a +5 ring of evasion
Scrolls
 h - 2 scrolls of identify {unknown}


   Skills:
 + Level 4.4 Fighting
 + Level 0.3 Short Blades
 + Level 0.3 Long Blades
 + Level 6.4 Axes
 + Level 0.3 Maces & Flails
 + Level 0.3 Polearms
 + Level 0.3 Staves
 + Level 0.3 Ranged Weapons
 + Level 4.4 Throwing
 + Level 0.3 Armour
 + Level 6.4 Dodging
 + Level 0.3 Stealth
 + Level 0.3 Shields
 + Level 0.3 Unarmed Combat
 + Level 0.3 Spellcasting
 + Level 0.2 Conjurations
 + Level 0.2 Hexes
 + Level 0.2 Summonings
 + Level 0.2 Necromancy
 + Level 0.2 Translocations
 + Level 0.2 Transmutations
 + Level 0.2 Fire Magic
 + Level 0.2 Ice Magic
 + Level 0.2 Air Magic
 + Level 0.2 Earth Magic
 + Level 0.2 Poison Magic
 + Level 0.4 Invocations
 + Level 0.3 Evocations
 + Level 0.2 Shapeshifting


You had one spell level left.
You didn't know any spells.
Your spell library was empty.

Dungeon Overview and Level Annotations

Branches:
Dungeon (2/15) Zot: 11062

Altars:

Annotations:
D:2 Natasha


Innate Abilities, Weirdness & Mutations

You have very sharp teeth.
Your uncanny sense of smell can sniff out nearby items.
Your experience applies equally to all skills.


Message History

You climb downwards.
There is a stone staircase leading up here.
There are monsters nearby!
You hit Natasha. Your punch misses Natasha.
Natasha is lightly wounded.
Natasha misses you.
You hit Natasha.
Natasha is moderately wounded.
Natasha closely misses you.
You hit Natasha.
Natasha is severely wounded.
Natasha casts a spell.
You hit Natasha. Your bite misses Natasha.
Natasha is almost dead.
Natasha stares at you and mumbles some strange words.
You resist with significant effort. The cerulean imp closely misses you.
You barely miss Natasha. You bite Natasha, but do no damage.
Natasha is almost dead.
Natasha barely misses you.
The cerulean imp hits you from afar with a +2 spear.
You barely miss Natasha.
Natasha is almost dead.
Natasha claws you but does no damage.
The cerulean imp hits you from afar with a +2 spear!
The worm bites you.
You are too injured to fight recklessly!
You barely miss Natasha.
Natasha is almost dead.
Natasha claws you.
* * * LOW HITPOINT WARNING * * *
The cerulean imp hits you but does no damage.
The worm bites you but does no damage.
You barely miss Natasha.
Natasha is almost dead.
Natasha barely misses you. The cerulean imp barely misses you.
You completely miss Natasha.
Natasha is almost dead.
Natasha claws you!
You die...
Natasha begins licking her fur clean.

# ####.
......####
#.h@<#
#....w......#
###..5.####.#
#......
#......#
#......+
#......#
#......#


You could see a worm, Natasha and a cerulean imp (summoned).

Vanquished Creatures
  3 hobgoblins (D:1)
  A kobold (D:1)
  A quokka (D:1)
  2 ball pythons (D:1)
  2 frilled lizards (D:1)
  A rat (D:1)
10 creatures vanquished.

Notes
Turn   | Place    | Note
-------+----------+-------------------------------------------
     0 | D:1      | lessens the Gnoll Gladiator began the quest for the Orb.
     0 | D:1      | Reached XP level 1. HP: 20/20 MP: 1/1
   385 | D:1      | Reached XP level 2. HP: 22/26 MP: 2/2
   915 | D:2      | Noticed Natasha
   925 | D:2      | Slain by Natasha

Illustrated notes

Levels and vault maps discovered:
D:1:      sevenhm_arrival_forest_fort_small_5, layout_basic
D:2:      layout_basic, chequers_serial_rivers_micro_d,
          corexii_leaking_fountain, st_stairs_14, minmay_split_cup_large,
          uniq_crazy_yiuf_cottage, uniq_robin, uniq_natasha

Action                     || total
---------------------------++-------
  Melee: War axe           ||    35
         Bite              ||     3
         Punch             ||     1
         Whip              ||     9
 Armour: Leather armour    ||    21
  Dodge: Dodged            ||    35

Table legend: (Time is in decaauts)
 A = Elapsed time spent in this place.
 B = Non-inter-level travel time spent in this place.
 C = Inter-level travel time spent in this place.
 D = Time resting spent in this place.
 E = Time spent auto-exploring this place.
 F = Levels seen in this place.
 G = Mean time per level.
                   A        B        C        D        E       F      G
               +--------+--------+--------+--------+--------+-----+--------+
         Total |    936 |    918 |     18 |      0 |    823 |   2 |  468.0 |
       Dungeon |    936 |    918 |     18 |      0 |    823 |   2 |  468.0 |
               +--------+--------+--------+--------+--------+-----+--------+

Top non-repeatable levels by time:
     D:1: 925 daAuts
     D:2: 10 daAuts

Levels and vault maps discovered:
D:1:      sevenhm_arrival_forest_fort_small_5, layout_basic
D:2:      layout_basic, chequers_serial_rivers_micro_d,
          corexii_leaking_fountain, st_stairs_14, minmay_split_cup_large,
          uniq_crazy_yiuf_cottage, uniq_robin, uniq_natasha
